[Event "AIIZIUCWT 2024"]
[Site "Rajkot"]
[Date "2024.01.24"]
[Round "4.2"]
[White "Sunyuktha C M N"]
[Black "Chitlange Sakshi"]
[Result "0-1"]
[ECO "B12"]
[WhiteElo "2013"]
[BlackElo "2210"]
[Annotator "RC"]
[PlyCount "90"]
[EventDate "2024.01.22"]
[EventType "team-tourn"]
[EventCountry "IND"]
[SourceTitle "playchess.com"]
[Source "ChessBase"]
[SourceQuality "1"]
[TimeControl "3600+30"]

1. e4 c6 2. d4 d5 3. e5 c5 4. dxc5 e6 5. a3 Bxc5 6. b4 Be7 7. Bd3 Nd7 8. Bb2 Nh6 9. Nf3 f6 10. Qe2 O-O 11. O-O Nf7 12. exf6 Bxf6 13. c4 Nb6 14. Ra2 a5 15. c5 Nd7 16. Qc2 h6 17. b5 e5 18. c6 bxc6 19. bxc6 Nb6 20. Rd1 Qc7 21. Be2 Be6 22. Nbd2 Rfc8 23. Rc1 d4 24. Raa1 Nd6 25. Ne4 Nxe4 26. Qxe4 Bd5 27. Qf5 Re8 28. a4 Rad8 29. Rc5 Be6 30. Qe4 Bd5 31. Qf5 Be6 32. Qe4 Bd5 33. Qf5 Be7 34. Rxd5 Nxd5 35. Qe6+ Kh8 36. Nxe5 Nf4 37. Nf7+ Kg8 38. Nxh6+ Kh7 39. Qf5+ Kxh6 40. Bc1 Bg5 41. Bxf4 Qxf4 42. Qh3+ Qh4 43. c7 Qxh3 44. cxd8=Q Bxd8 45. gxh3 Rxe2 0-1

[Event "AIIZIUCWT 2024"]
[Site "Rajkot"]
[Date "2024.01.24"]
[Round "4.3"]
[White "Chandreyee, Hajra"]
[Black "Swapna C N"]
[Result "1-0"]
[ECO "B30"]
[WhiteElo "1854"]
[BlackElo "1718"]
[Annotator "NA RC"]
[PlyCount "69"]
[EventDate "2024.01.22"]
[EventType "team-tourn"]
[EventCountry "IND"]
[SourceTitle "playchess.com"]
[Source "ChessBase"]
[SourceQuality "1"]
[TimeControl "3600+30"]

1. e4 c5 2. Nf3 Nc6 3. Bb5 e6 4. Bxc6 bxc6 5. d3 d5 6. e5 f6 7. Qe2 Be7 8. h4 (8. b3 $16) 8... Qb6 (8... fxe5 $11 9. Nxe5 Bd6) 9. c3 $11 (9. b3 $14) 9... f5 10. Ng5 h5 11. Nh3 g6 12. Nf4 Kf7 13. Qf3 Bd8 14. Qg3 Ne7 15. Qg5 Rf8 16. Rh3 Bc7 17. Nxg6 Nxg6 18. Qf6+ Ke8 19. Qxg6+ Rf7 20. Qg8+ Rf8 21. Qg7 Rf7 22. Qh8+ Rf8 23. Qxh5+ Rf7 24. Rg3 Bxe5 25. Rg8+ Ke7 26. Bg5+ Bf6 27. Bxf6+ Kxf6 28. Qg5+ Ke5 29. Rd8 Bd7 30. d4+ cxd4 31. cxd4+ Kd6 32. Rxa8 Qxb2 33. Qg3+ Ke7 34. Qa3+ Qxa3 35. Nxa3 1-0

[Event "AIIZIUCWT 2024"]
[Site "Rajkot"]
[Date "2024.01.24"]
[Round "4.4"]
[White "Poorna Sri M.K"]
[Black "Diya Chowdhury"]
[Result "1/2-1/2"]
[ECO "B22"]
[WhiteElo "1812"]
[BlackElo "1881"]
[Annotator "NA RC"]
[PlyCount "100"]
[EventDate "2024.01.22"]
[EventType "team-tourn"]
[EventCountry "IND"]
[SourceTitle "playchess.com"]
[Source "ChessBase"]
[SourceQuality "1"]
[TimeControl "3600+30"]

1. e4 c5 2. Nf3 e6 3. c3 d5 4. exd5 exd5 5. d4 Nf6 6. Bb5+ Bd7 7. Bxd7+ Nbxd7 8. O-O Be7 9. Bf4 O-O 10. Nbd2 Nh5 11. Be3 Nhf6 12. dxc5 Nxc5 13. Nd4 Qd7 $11 14. N2f3 Bd6 15. h3 Nfe4 16. Nh4 f5 17. f4 Rae8 18. Rc1 Ng3 19. Rf3 Rxe3 20. Rxe3 Bxf4 21. Rxg3 Bxg3 22. Nhxf5 Rxf5 23. Nxf5 Qxf5 24. Qf3 Qxf3 25. gxf3 Kf7 26. Kg2 Bf4 27. Rd1 Ke6 28. c4 dxc4 29. Rd4 Nd3 30. Rxc4 Be5 31. b3 Nf4+ 32. Kf1 g5 33. Rc8 Nxh3 34. Re8+ Kd6 35. Rb8 Kc6 36. Re8 Kd6 37. Rb8 b6 38. Rb7 h5 39. Rxa7 h4 40. Rb7 Bd4 41. b4 Nf4 42. a4 h3 43. a5 bxa5 44. bxa5 Kc6 45. a6 Ng6 46. Rb4 Bb6 47. Rb2 Nf4 48. Ra2 Ba7 49. Rb2 Bb6 50. Ra2 Ba7 1/2-1/2

[Event "AIIZIUCWT 2024"]
[Site "Rajkot"]
[Date "2024.01.24"]
[Round "4.7"]
[White "Gayatri U Panbude"]
[Black "Tanishka Kotia"]
[Result "0-1"]
[ECO "B35"]
[WhiteElo "1168"]
[BlackElo "1787"]
[Annotator "NA RC"]
[PlyCount "50"]
[EventDate "2024.01.22"]
[EventType "team-tourn"]
[EventCountry "IND"]
[SourceTitle "playchess.com"]
[Source "ChessBase"]
[SourceQuality "1"]
[TimeControl "3600+30"]

1. e4 c5 2. Nf3 Nc6 3. d4 cxd4 4. Nxd4 g6 5. Nc3 Bg7 6. Be3 Nf6 7. Bc4 O-O 8. Qd2 Ng4 9. Nb3 Nxe3 10. Qxe3 a6 11. O-O-O b5 12. Bd5 Qc7 13. g4 Bb7 14. h4 Rfc8 15. h5 b4 16. Na4 Ne5 17. Qe2 Bxd5 18. exd5 Nxg4 19. hxg6 hxg6 20. Nac5 Ne5 21. f4 d6 22. fxe5 dxc5 23. Qh2 Qxe5 24. Qh7+ Kf8 25. c3 bxc3 0-1

[Event "AIIZIUCWT 2024"]
[Site "Rajkot"]
[Date "2024.01.25"]
[Round "5.1"]
[White "Mohana Praba R B"]
[Black "Ghosh Samriddhaa"]
[Result "0-1"]
[ECO "D02"]
[WhiteElo "1478"]
[BlackElo "1872"]
[Annotator "NA RC COMBH"]
[PlyCount "50"]
[EventDate "2024.01.22"]
[EventType "team-tourn"]
[EventCountry "IND"]
[SourceTitle "playchess.com"]
[Source "ChessBase"]
[SourceQuality "1"]
[TimeControl "3600+30"]

1. d4 d5 2. Nf3 Nf6 3. Bf4 c5 4. e3 Nc6 5. c3 Qb6 6. Qc1 Bf5 7. Nbd2 cxd4 8. exd4 Rc8 9. a3 h6 10. Be2 Ne4 11. O-O g5 12. Be3 Bg7 13. Nxe4 Bxe4 14. b4 O-O 15. Qd2 f5 16. Qb2 f4 17. Bd2 g4 18. Ne5 Nxe5 19. dxe5 f3 20. Be3 Qg6 21. Bb5 fxg2 22. Rfe1 Bxe5 23. Bd7 Bxh2+ 24. Kxh2 Qh5+ 25. Kg3 Qh3# 0-1

[Event "AIIZIUCWT 2024"]
[Site "Rajkot"]
[Date "2024.01.25"]
[Round "5.2"]
[White "Chitlange Sakshi"]
[Black "Benasir M"]
[Result "1-0"]
[ECO "E12"]
[WhiteElo "2210"]
[BlackElo "1651"]
[Annotator "RC"]
[PlyCount "107"]
[EventDate "2024.01.22"]
[EventType "team-tourn"]
[EventCountry "IND"]
[SourceTitle "playchess.com"]
[Source "ChessBase"]
[SourceQuality "1"]
[TimeControl "3600+30"]

1. d4 Nf6 2. c4 e6 3. Nf3 b6 4. a3 Bb7 5. Nc3 d5 6. cxd5 exd5 7. Bg5 Be7 8. e3 Nbd7 9. Bd3 h6 10. Bh4 O-O 11. Rc1 Ne4 12. Bxe7 Qxe7 13. O-O c5 14. dxc5 Nxc3 15. Rxc3 bxc5 16. Re1 Nb6 17. Rc1 Rfd8 18. Qe2 Rac8 19. e4 d4 20. Nd2 Rc7 21. Rc2 Bc8 22. f4 Bd7 23. Kh1 Ba4 24. Rcc1 Be8 25. Qf1 Bd7 26. b3 Be8 27. Rc2 c4 28. Nxc4 Nxc4 29. Rxc4 Rxc4 30. Bxc4 Qxa3 31. Qd3 Bc6 32. h3 Qb2 33. Rd1 Ba8 34. Kh2 Qf2 35. Rf1 Qe3 36. Qxe3 dxe3 37. Re1 Rd4 38. Rxe3 Bxe4 39. Re2 Kf8 40. Bb5 Rb4 41. Bc4 f5 42. Ra2 Rb7 43. Kg3 Rd7 44. Kf2 Ke7 45. Ke3 Kd8 46. g3 Ke7 47. Ra6 Kd8 48. h4 Ke7 49. Ra5 Bc2 50. Rc5 Rb7 51. Bd5 Kd6 52. Ra5 Re7+ 53. Kd4 Be4 54. Ra6+ 1-0

[Event "AIIZIUCWT 2024"]
[Site "Rajkot"]
[Date "2024.01.25"]
[Round "5.3"]
[White "Achaya Vijayan"]
[Black "Arpita, Mukherjee"]
[Result "0-1"]
[ECO "E94"]
[WhiteElo "1790"]
[BlackElo "2186"]
[Annotator "RC"]
[PlyCount "94"]
[EventDate "2024.01.22"]
[EventType "team-tourn"]
[EventCountry "IND"]
[SourceTitle "playchess.com"]
[Source "ChessBase"]
[SourceQuality "1"]
[TimeControl "3600+30"]

1. d4 Nf6 2. c4 g6 3. Nc3 Bg7 4. e4 d6 5. Nf3 O-O 6. Be2 Nbd7 7. O-O e5 8. d5 Qe7 9. Ne1 c5 10. dxc6 bxc6 11. b3 Nc5 12. f3 Ne6 13. Ba3 Rd8 14. Nd3 Nh5 15. c5 dxc5 16. Qc1 Nhf4 17. Nxf4 exf4 18. Kh1 Bd4 19. Na4 Bxa1 20. Qxa1 Rd2 21. Bc4 Qg5 22. Rg1 Ng7 23. Qc3 Nh5 24. h3 Qd8 25. Bb2 Qd4 26. Qc1 Qe3 27. Bc3 Rf2 28. Qxe3 fxe3 29. Nxc5 Rc2 30. Be5 e2 31. Re1 Rxa2 32. Bxe2 Rd2 33. Bc4 Ng7 34. Bf4 Rd8 35. Bg5 Re8 36. Rd1 Ne6 37. Nxe6 Bxe6 38. Rd6 Bxc4 39. bxc4 Re6 40. c5 a5 41. Bc1 Rxd6 42. cxd6 Kf8 43. e5 Ke8 44. Kg1 a4 45. Ba3 Rb8 46. f4 Rb3 47. Bc5 a3 0-1

[Event "AIIZIUCWT 2024"]
[Site "Rajkot"]
[Date "2024.01.25"]
[Round "5.4"]
[White "Diya Chowdhury"]
[Black "Abishna Anojan"]
[Result "1-0"]
[ECO "C77"]
[WhiteElo "1881"]
[BlackElo "1391"]
[Annotator "NA RC COMBH"]
[PlyCount "85"]
[EventDate "2024.01.22"]
[EventType "team-tourn"]
[EventCountry "IND"]
[SourceTitle "playchess.com"]
[Source "ChessBase"]
[SourceQuality "1"]
[TimeControl "3600+30"]

1. e4 e5 2. Nf3 Nc6 3. Bb5 a6 4. Ba4 Nf6 5. Qe2 b5 6. Bb3 Bc5 7. c3 O-O 8. d3 h6 9. h3 d5 10. Nbd2 d4 11. O-O a5 12. cxd4 Bxd4 13. a4 b4 14. Rd1 Kh8 15. Nf1 Qd6 16. Be3 Be6 17. Qc2 Bxb3 18. Qxb3 Nd7 19. Bxd4 Nxd4 20. Nxd4 Qxd4 21. Rac1 c5 22. Ne3 g6 23. Nd5 c4 24. Rxc4 Qa7 25. Rc7 Qa6 26. Rxd7 Rac8 27. Rc7 Rxc7 28. Nxc7 Qc6 29. Nb5 Rd8 30. Qxf7 Rd7 31. Qb3 Kg7 32. Kh2 Rf7 33. f3 Qf6 34. d4 exd4 35. Nxd4 h5 36. Ne6+ Kh7 37. f4 Re7 38. Ng5+ Kh6 39. g3 h4 40. Rd2 Rc7 41. Qd3 Qb6 42. Qd8 hxg3+ 43. Kg2 1-0

[Event "AIIZIUCWT 2024"]
[Site "Rajkot"]
[Date "2024.01.25"]
[Round "5.5"]
[White "Krithigga K"]
[Black "Arushi Kotwal"]
[Result "1-0"]
[ECO "A36"]
[WhiteElo "1966"]
[BlackElo "1639"]
[Annotator "TA"]
[PlyCount "103"]
[EventDate "2024.01.22"]
[EventType "team-tourn"]
[EventCountry "IND"]
[SourceTitle "playchess.com"]
[Source "ChessBase"]
[SourceQuality "1"]
[TimeControl "3600+30"]

1. c4 c5 2. g3 g6 3. Bg2 Bg7 4. Nc3 Nc6 5. a3 e6 6. e3 Nge7 7. Nge2 O-O 8. O-O d5 9. cxd5 exd5 10. d4 cxd4 11. Nxd4 Nxd4 12. exd4 Qb6 (12... Be6 $11) 13. Bg5 $14 Nc6 {[%emt 0:04:16] White is slightly better.} 14. Nxd5 Qxd4 15. Nc7 (15. Qxd4 {simplifies} Bxd4 16. Rfe1 Bf5 17. Re2) 15... Rb8 16. Bxc6 ({White should play} 16. Qxd4 $11 Bxd4 17. Ra2) 16... bxc6 $15 17. Be7 $1 {[%emt 0:12:37] [#]} Qb6 18. Bxf8 $14 Bxf8 {[%emt 0:00:13] This pair of bishops is nice.} 19. Ne8 Bh3 (19... c5 $14 20. Qf3 Bb7 21. Nf6+ Kg7) 20. Nf6+ $16 Kg7 21. Nd7 Qxb2 (21... Bxd7 $16 {was called for.} 22. Qxd7 Rd8) 22. Nxb8 $18 Bxf1 23. Nxc6 (23. Rb1 $18 Be2 24. Qe1 (24. Rxb2 Bxd1 25. Nxc6 Bxa3 $16)) 23... Bh3 (23... Bd3 $16) 24. Qd4+ (24. Nxa7 {gets mated.} Bc5 (24... Bxa3 25. Rb1 $16) 25. Kh1 Qxf2 (25... Bxa7 26. Rb1 Qxf2 27. Qd5 h5 28. Qe5+ Kh7 29. Qd5 Bf1 30. Rb6 Bxb6 31. Qxf7+ Qxf7 32. h4 Qf3+ 33. Kh2 Qg2#) 26. Qd5 Bg4 (26... Bxa7 $2 27. Qe5+ Kf8 28. Qh8+ Ke7 29. Qa8 $19) 27. h3 Bf3+ (27... Bxh3 $2 28. Nc6 $19) (27... Bxh3 $2 28. Nc6 $19)) 24... Qxd4 25. Nxd4 {[%emt 0:00:04][%cal Bc6d4,Bd4b5,Bb5c7][%mdl 4128] Endgame. KRN-KB} Bc5 26. Nb5 Bd7 27. a4 a6 28. Nc7 a5 29. Nb5 Be6 30. Kf1 Bc4+ 31. Ke1 Bb4+ 32. Kd1 Kf6 33. Kc2 Ke5 34. Rd1 Bc5 $2 (34... Be6 {was worth a try.} 35. f3 h5) 35. f4+ Ke6 36. Nd4+ Kf6 37. Nc6 Bb6 38. Ne5 Be6 39. Nd7+ Bxd7 40. Rxd7 {[%emt 0:00:11] KR-KB} Bc5 {[%emt 0:00:32] Prevents Rd6+} 41. Kb3 Bb4 (41... Bg1 $142 42. h3 Ke6) 42. Kc4 h5 43. Kb5 Ke6 44. Ra7 Kd5 45. Rxf7 Ke4 46. Rf6 {[%emt 0:00:13] White mates.} Kf3 47. Rxg6 Kg2 48. h4 Kf3 49. Rg5 Be1 50. f5 Bxg3 {[%emt 0:00:26] [#]} 51. Rxg3+ $1 Kxg3 52. f6 {[%emt 0:00:03] Weighted Error Value: White=0.16 (very precise) /Black=0.50.  Mistake:       	White=2     	Black=7      Inaccurate:     	White=1     	Black=1      OK:         	White=10    	Black=6      Best:        	White=5     	Black=4      Strong:       	White=1     	---} 1-0

[Event "AIIZIUCWT 2024"]
[Site "Rajkot"]
[Date "2024.01.25"]
[Round "5.6"]
[White "Salonika, Saina"]
[Black "Sunyuktha C M N"]
[Result "1/2-1/2"]
[ECO "B23"]
[WhiteElo "2113"]
[BlackElo "2013"]
[Annotator "RC"]
[PlyCount "134"]
[EventDate "2024.01.22"]
[EventType "team-tourn"]
[EventCountry "IND"]
[SourceTitle "playchess.com"]
[Source "ChessBase"]
[SourceQuality "1"]
[TimeControl "3600+30"]

1. e4 c5 2. Nc3 a6 3. g3 b5 4. Bg2 Bb7 5. d3 d6 6. Nh3 g6 7. O-O Bg7 8. f4 Nc6 9. Ne2 Qb6 10. c3 Nf6 11. Nf2 h5 12. h3 Nd7 13. Be3 Rc8 14. b4 Qd8 15. bxc5 Nxc5 16. Rb1 Na5 17. Bd2 Ba8 18. Qe1 Nc6 19. c4 bxc4 20. Bc3 Bxc3 21. Qxc3 O-O 22. d4 Nd7 23. Qxc4 Qa5 24. a4 Nb6 25. Qa2 Qxa4 26. Qxa4 Nxa4 27. Ra1 Nb2 28. Rxa6 Nc4 29. d5 Nb4 30. Ra7 Rfe8 31. Rc1 Ne3 32. Rxc8 Rxc8 33. Rxe7 Rc2 34. Re8+ Kg7 35. Rxa8 Rxe2 36. Ra1 Nxg2 37. Kxg2 Nd3 38. Kf3 Rxf2+ 39. Ke3 Rh2 40. Kxd3 Rxh3 41. e5 Rxg3+ 42. Ke4 Kf8 43. Ra8+ Ke7 44. Ra7+ Ke8 45. exd6 h4 46. Re7+ Kf8 47. Ke5 Rd3 48. Ra7 Ke8 49. Ra8+ Kd7 50. Ra7+ Ke8 51. Ra8+ Kd7 52. Ra7+ Ke8 53. d7+ Ke7 54. d8=Q+ Kxd8 55. Kd6 Kc8 56. Rxf7 h3 57. Rf8+ Kb7 58. Rh8 Rf3 59. Rh4 Kc8 60. Ke5 Kd7 61. Rh6 Re3+ 62. Kf6 Rf3 63. Kxg6 Rxf4 64. Rxh3 Kd6 65. Rh5 Rf1 66. Rf5 Rxf5 67. Kxf5 Kxd5 1/2-1/2

[Event "AIIZIUCWT 2024"]
[Site "Rajkot"]
[Date "2024.01.25"]
[Round "5.7"]
[White "Poorna Sri M.K"]
[Black "Tanishka Kotia"]
[Result "0-1"]
[ECO "B01"]
[WhiteElo "1812"]
[BlackElo "1787"]
[Annotator "NA RC COMBH"]
[PlyCount "80"]
[EventDate "2024.01.22"]
[EventType "team-tourn"]
[EventCountry "IND"]
[SourceTitle "playchess.com"]
[Source "ChessBase"]
[SourceQuality "1"]
[TimeControl "3600+30"]

1. e4 d5 2. exd5 Nf6 3. Nf3 Nxd5 4. d4 Bg4 5. c4 Nb6 6. c5 Nd5 7. Qb3 Bc8 8. Bg5 f6 9. Bc4 e6 10. Bh4 g5 11. Bg3 g4 12. Nfd2 Nc6 13. Bb5 Bd7 14. Bxc6 Bxc6 15. O-O h5 16. Re1 h4 17. Rxe6+ Kd7 18. Re1 hxg3 19. Qxg3 f5 20. Nc3 Bg7 21. Nxd5 Bxd5 22. Qf4 Qf8 23. Nb3 c6 24. Na5 Bh6 25. Qg3 Bd2 26. Nxb7 Bxe1 27. Rxe1 Re8 28. Rd1 Rh6 29. Qa3 Qe7 30. Rf1 Qe4 31. Qg3 Ree6 32. Nd6 Rxd6 33. cxd6 Rxd6 34. f3 Qxd4+ 35. Kh1 gxf3 36. gxf3 c5 37. Qh3 Qd3 38. Rf2 Re6 39. Qh7+ Re7 40. Qg6 {[%emt 0:00:03] Check Result:-#2} Bxf3+ 0-1

[Event "AIIZIUCWT 2024"]
[Site "Rajkot"]
[Date "2024.01.25"]
[Round "5.8"]
[White "Poornima Gupta"]
[Black "Mohana Praba R B"]
[Result "0-1"]
[ECO "D02"]
[WhiteElo "1460"]
[BlackElo "1478"]
[Annotator "NA RC COMBH"]
[PlyCount "150"]
[EventDate "2024.01.22"]
[EventType "team-tourn"]
[EventCountry "IND"]
[SourceTitle "playchess.com"]
[Source "ChessBase"]
[SourceQuality "1"]
[TimeControl "3600+30"]

1. d4 d5 2. Bf4 e6 3. e3 Bd6 4. Nf3 Nf6 5. c3 h6 6. Nbd2 O-O 7. Bd3 c5 8. Bxd6 Qxd6 9. Ne5 Nc6 10. f4 Rb8 11. a4 c4 12. Bb1 b5 13. Qc2 b4 14. Ng4 Ne4 15. Nxe4 dxe4 16. Ne5 f5 17. Nxc4 Qe7 18. Ne5 Nxe5 19. fxe5 Qg5 20. Qd2 b3 21. O-O Ba6 22. Rf4 Bc4 23. Qf2 a5 24. h4 Qe7 25. Qg3 Kh8 26. Qg6 Qe8 27. h5 Qxg6 28. hxg6 Kg8 29. Kf2 Bd5 30. Kg3 Bc4 31. Rf2 Bd5 32. Kh4 Rbc8 33. Rf4 Rc7 34. g4 Rcc8 35. g5 Rc4 36. Kh5 hxg5 37. Kxg5 Rfc8 38. Rh4 Kf8 39. Rh7 R4c7 40. Ra3 Ke8 41. Ra1 Re7 42. Kf4 Kd7 43. Rh1 Kc7 44. Ra3 Kb6 45. Kg5 Ree8 46. Rh7 Rc7 47. Rh4 Ka6 48. Rh1 Rb8 49. Rh2 Rbb7 50. Rh8 Ka7 51. Rd8 Rd7 52. Rc8 Rbc7 53. Rf8 Kb7 54. Ra1 Bc4 55. Ra3 Rc8 56. Rf7 Kc6 57. Ra1 Rh8 58. Bxe4+ fxe4 59. Rg1 Rh2 60. Rf4 Rxb2 61. Rxe4 Rc2 62. Rf4 Rxc3 63. Rg2 Rxe3 64. Rd2 Rc3 65. Rf8 Kc7 66. Ra8 Rc2 67. Rd1 Rg2+ 68. Kf4 Rxg6 69. Rxa5 Rf7+ 70. Ke3 Rg3+ 71. Kd2 Rd3+ 72. Kc1 Rxd1+ 73. Kxd1 Kb6 74. Rc5 Bd5 75. Kc1 Rc7 0-1